 Dungeon Crawl Stone Soup version 0.32-a0-136-gc02482bde3 (webtiles) character file.

Game seed: 16364852769237427831

949 SmokeWeed the Magician (level 7, -8/37 HPs)
             Began as a Deep Elf Fire Elementalist on Feb 10, 2024.
             Mangled by a yak (9 damage)
             ... on level 4 of the Dungeon.
             The game lasted 00:11:36 (5776 turns).

SmokeWeed the Magician (Deep Elf Fire Elementalist) Turns: 5776, Time: 00:11:36

Health: -8/37      AC:  4    Str:  5    XL:     7   Next: 90%
Magic:  20/20      EV: 13    Int: 20    God:
Gold:   252        SH:  0    Dex: 17    Spells: 17/21 levels left

rFire   . . .        r - +2 short sword (elec)
rCold   . . .        (no shield)
rNeg    . . .        a - +2 robe
rPois   .            (no helmet)
rElec   .            (no cloak)
rCorr   .            (no gloves)
SInv    .            (no boots)
Will    .....        (no amulet)
Stlth   +++          (no ring)
HPRegen 0.26/turn    (no ring)
MPRegen 0.17/turn

%: no passive effects
@: about to teleport
A: no striking features
a: no special abilities


You were on level 4 of the Dungeon.
You visited 1 branch of the dungeon, and saw 6 of its levels.

You collected 252 gold pieces.

Inventory:

Hand Weapons
 d - a +1 short sword
 k - a +2 hand axe of venom
 r - a +2 short sword of electrocution (weapon)
Missiles
 n - 2 poisoned darts
Armour
 a - a +2 robe (worn)
 u - a +2 scale mail of cold resistance
Wands
 e - a wand of polymorph (14)
 m - a wand of flame (14)
 s - a wand of digging (1)
Scrolls
 g - a scroll of amnesia
 h - a scroll of teleportation
 j - a scroll of noise
 p - a scroll of immolation
Potions
 b - 2 potions of magic
 c - 2 potions of attraction
 f - a potion of enlightenment
 l - a potion of haste {unknown}
 o - a potion of brilliance {unknown}
 t - a potion of lignification {unknown}


   Skills:
 + Level 0.8 Fighting
 + Level 0.1 Short Blades
 + Level 1.1 Axes
 + Level 3.3 Dodging
 + Level 4.0 Stealth
 + Level 7.6 Spellcasting
 + Level 2.4 Conjurations
 + Level 7.0 Fire Magic


You had 17 spell levels left.
You knew the following spells:

 Your Spells              Type           Power      Damage    Failure   Level
a - Foxfire               Conj/Fire      100%       2x1d9     1%          1
b - Scorch                Fire           72%        2d8       1%          2
c - Magic Dart            Conj           68%        1d6       3%          1

Your spell library contained the following spells:

 Spells                   Type           Power      Damage    Failure   Level
 Searing Ray              Conj           34%        2d5       4%          2
 Inner Flame              Hex/Fire       21%        N/A       6%          3
 Volatile Blastmotes      Fire/Tloc      42%        2d13      6%          3
 Flame Wave               Conj/Fire      26%        2d8       12%         4
 Fulminant Prism          Conj/Alch      6%         3d7       47%         4


Dungeon Overview and Level Annotations

Branches:
Dungeon (6/15)
 Temple: D:4-7

Altars:
Elyvilon
Gozag
Kikubaaqudgha
Makhleb
Zin

Shops:
D:3 ?


Message History

The ufetubus hits you but does no damage.
There is a stone staircase leading up here.
You conjure some foxfire!
The yak bellows!
The ogre shouts!
The ufetubus hits you but does no damage.
The ufetubus hits you.
The foxfire hits the ufetubus.
The ufetubus is burned terribly!
The ufetubus is heavily wounded.
The foxfire hits the ufetubus.
The ufetubus is heavily wounded.
The ufetubus misses you. The ufetubus hits you. The ogre completely misses you.
The yak closely misses you. The ufetubus misses you.
The ufetubus completely misses you.
You climb upwards.
There is a stone staircase leading down here.
As you read the scroll of teleportation, it crumbles to dust.
You feel strangely unstable. The ufetubus hits you.
The ufetubus closely misses you. The ufetubus barely misses you.
The ufetubus misses you. The yak gores you. The ufetubus barely misses you.
The ufetubus hits you.
Unknown command.
You miss the ufetubus.
The ufetubus is heavily wounded.
The ufetubus closely misses you. The ufetubus hits you.
The ufetubus closely misses you. The ufetubus barely misses you.
The yak gores you!
* * * LOW HITPOINT WARNING * * *
The ufetubus closely misses you.
The ufetubus hits you but does no damage.
You barely miss the ufetubus.
The ufetubus is heavily wounded.
The ufetubus hits you.
* * * LOW HITPOINT WARNING * * *
The ufetubus hits you.
* * * LOW HITPOINT WARNING * * *
The ufetubus hits you but does no damage.
The ufetubus hits you.
* * * LOW HITPOINT WARNING * * *
The yak gores you!
You die...

.P............#
.ß............#
..............#
....÷.........#
..............#
..............#
..............#
..............####
..............O5@#
...............Y5#
.#.##########..#.#
...#### #.....##.#
......# #.....##.#
....#.###.....##.#
..............##.#
...#..#.......##.#
......#.......##.#


You could see a yak, an ogre and 2 ufetubi.

Vanquished Creatures
  A yak (D:6)
  A water moccasin (D:5)
  A black bear (D:4)
  An ogre (D:5)
  A phantom (D:4)
  A scorpion (D:5)
  A water moccasin zombie (D:4)
  2 howler monkeys
  A hound (D:3)
  Ijyb (D:3)
  Terence (D:3)
  A sleepcap (D:4)
  Robin (D:3)
  A howler monkey zombie (D:4)
  5 adders
  A gnoll (D:1)
  An adder zombie (D:4)
  An adder skeleton (D:4)
  2 dart slugs
  A ribbon worm (D:2)
  An orc (D:6)
  2 bat zombies (D:4)
  6 endoplasms
  4 giant cockroaches
  9 goblins
  6 hobgoblins
  4 jackals (D:2)
  2 quokkas
  6 ball pythons
  8 bats
  3 frilled lizards
  A frilled lizard zombie (D:4)
  9 kobolds
  A quokka zombie (D:4)
  3 rats
91 creatures vanquished.

Vanquished Creatures (collateral kills)
  5 foxfires (D:1)
5 creatures vanquished.

Vanquished Creatures (others)
  133 foxfires
133 creatures vanquished.

Grand Total: 229 creatures vanquished

Notes
Turn   | Place    | Note
-------+----------+-------------------------------------------
     0 | D:1      | SmokeWeed the Deep Elf Fire Elementalist began the quest
                  | for the Orb.
     0 | D:1      | Reached XP level 1. HP: 10/10 MP: 6/6
   632 | D:1      | Reached XP level 2. HP: 15/15 MP: 5/8
  1101 | D:1      | Learned a level 2 spell: Scorch
  1748 | D:2      | Reached XP level 3. HP: 19/19 MP: 6/9
  1882 | D:2      | Found a glowing silver altar of Zin.
  2585 | D:3      | Found Becuepruizo's Magic Scroll Emporium.
  2608 | D:3      | Reached XP level 4. HP: 24/24 MP: 0/11
  2710 | D:3      | Noticed Robin
  2727 | D:3      | Killed Robin
  2844 | D:3      | Found an opulent altar of Gozag.
  2966 | D:3      | Found a glowing silver altar of Zin.
  3179 | D:3      | Noticed Terence
  3188 | D:3      | Killed Terence
  3285 | D:3      | Noticed Ijyb
  3290 | D:3      | Killed Ijyb
  3291 | D:3      | Reached XP level 5. HP: 28/28 MP: 5/13
  3365 | D:3      | Found a white marble altar of Elyvilon.
  3397 | D:3      | Found a faded altar of an unknown god.
  3629 | D:3      | Learned a level 1 spell: Magic Dart
  3931 | D:4      | Noticed a black bear
  3939 | D:4      | Killed a black bear
  3940 | D:4      | Reached skill level 1 in Axes
  3940 | D:4      | Reached skill level 5 in Fire Magic
  3940 | D:4      | Reached XP level 6. HP: 30/33 MP: 7/15
  4267 | D:4      | Reached skill level 5 in Spellcasting
  4556 | D:4      | Found a burning altar of Makhleb.
  4646 | D:4      | Found an ancient bone altar of Kikubaaqudgha.
  5047 | D:5      | Entered Level 5 of the Dungeon
  5059 | D:5      | Noticed a water moccasin
  5062 | D:5      | Reached XP level 7. HP: 37/37 MP: 7/18
  5335 | D:5      | Noticed a yak
  5336 | D:5      | Noticed a yak
  5354 | D:6      | Killed a yak
  5472 | D:5      | Noticed a yak
  5472 | D:5      | Noticed a yak
  5472 | D:5      | Noticed a yak
  5472 | D:5      | Noticed a yak
  5776 | D:4      | HP: 1/37 [ufetubus (1)]
  5776 | D:4      | Mangled by a yak

Illustrated notes

Levels and vault maps discovered:
D:1:      dpeg_arrival_windows_large_door, layout_basic, serial_forest,
          infiniplex_forest_lined_3, infiniplex_forest_straight_5,
          infiniplex_forest_corner_2, infiniplex_forest_join,
          infiniplex_forest_3_way, infiniplex_forest_clump_curved,
          chequers_serial_rivers_small_3
D:2:      layout_rooms, basic_altar, chequers_serial_rivers_small_a
D:3:      layout_loops_corners, pdpol_temple_overflow_zin_treasury_gozag_greed,
          mainiacjoe_overflow_alcove_1, serial_shops, shop,
          ebering_ecumenical_altar_box, kennysheep_minor_cross, uniq_terence,
          uniq_ijyb, uniq_robin
D:4:      layout_basic, general_overflow_altar,
          lemuel_zombie_altar_kikubaaqudgha, serial_undead, serial_undead_c,
          serial_undead_e, serial_undead_b, serial_undead_e, kennysheep_nub,
          minmay_misc_feat_more_columns, minmay_misc_feat_square,
          nrook_loot_triangle
D:5:      kennysheep_kobold_camp, layout_cave_pools, kennysheep_cross_bottleneck
D:6:      layout_cave_pods, hangedman_abyss_or_decor_passed, minmay_pentangle

Skill      XL: |  1  2  3  4  5  6  7 |
---------------+----------------------+-----
Conjurations   | 2 |  2.4
Fire Magic     | 4 5 6 7 |  7.0
Spellcasting   | 4 6 7 |  7.6
Dodging        | 3 |  3.3
Stealth        | 3 4 |  4.0
Axes           | 1 |  1.1
Fighting       | |  0.8
Short Blades   | |  0.1

Action                     |  1- 3 |  4- 6 |  7- 9 || total
---------------------------+-------+-------+-------++-------
  Melee: Short sword       |     2 |       |     2 ||     4
         Hand axe          |    14 |    36 |       ||    50
         Punch             |       |     2 |       ||     2
   Cast: Foxfire           |    59 |     5 |    27 ||    91
         Scorch            |    23 |    53 |    10 ||    86
         Magic Dart        |       |     3 |       ||     3
    Use: Scroll            |       |    10 |     4 ||    14
   Stab: Sleeping          |     2 |     1 |       ||     3
 Armour: Robe              |    14 |    31 |    32 ||    77
  Dodge: Dodged            |    24 |    49 |    25 ||    98

Table legend: (Time is in decaauts)
 A = Elapsed time spent in this place.
 B = Non-inter-level travel time spent in this place.
 C = Inter-level travel time spent in this place.
 D = Time resting spent in this place.
 E = Time spent auto-exploring this place.
 F = Levels seen in this place.
 G = Mean time per level.
                   A        B        C        D        E       F      G
               +--------+--------+--------+--------+--------+-----+--------+
         Total |   5795 |   5650 |    145 |    423 |   4466 |   6 |  965.8 |
       Dungeon |   5795 |   5650 |    145 |    423 |   4466 |   6 |  965.8 |
               +--------+--------+--------+--------+--------+-----+--------+

Top non-repeatable levels by time:
     D:1: 1743 daAuts
     D:4: 1412 daAuts
     D:3: 1342 daAuts
     D:2: 846 daAuts
     D:5: 329 daAuts
     D:6: 121 daAuts
